Map: 얼어붙은 사원

Players

lllllllllll - Winner!

  • Race: Zerg Zerg
  • League: Master

llllllllllll (Scarlett)

  • Race: Zerg Zerg
  • League: Grandmaster

VOD

Have the link to the VOD?

Description

Time

  • Played on: April 13, 2016, 2:41 a.m.
  • Length: 7:31
Show
View Real Time Build Order
Export as new Build Order

lllllllllll Zerg - Winner!

Build Orders: Pool First 

Get SALT Encoding   

  12  0:00  Drone  
  13  0:12  Overlord  
  13  0:17  Drone  
  14  0:30  Drone  
  14  0:31  Drone  
  14  0:34  Drone  
  17  0:45  Spawning Pool  
  17  0:46  Drone  
  17  0:49  Extractor  
  16  0:56  Drone  
  17  1:08  Drone  
  18  1:18  Hatchery  
  18  1:20  Drone  
  18  1:32  Queen  
  20  1:35  Zergling x2  
  21  1:49  Metabolic Boost  
  21  1:51  Overlord  
  21  1:56  Drone  
  22  2:10  Baneling Nest  
  22  2:12  Queen  
  22  2:13  Drone  
  24  2:17  Drone  
  25  2:23  Drone  
  26  2:31  Drone  
  26  2:33  Drone  
  28  2:40  Zergling x2  
  28  2:41  Zergling x2  
  30  2:45  Drone x2  
  30  2:47  Overlord  
  32  2:52  Drone  
  32  2:57  Drone  
  34  3:01  Baneling x2  
  34  3:05  Zergling x2  
  35  3:07  Drone  
  36  3:18  Hatchery  
  35  3:26  Baneling x2  
  35  3:27  Drone x2  
  35  3:28  Overlord, Drone  
  35  3:30  Drone  
  35  3:32  Drone  
  40  3:42  Drone x2  
  41  3:53  Zergling x2  
  41  3:54  Zergling x6  
  45  3:56  Baneling x2  
  45  4:00  Roach Warren  
  45  4:01  Extractor  
  43  4:04  Drone x2  
  43  4:05  Drone x3  
  48  4:12  Overlord  
  47  4:25  Overlord x3  
  47  4:27  Drone  
  48  4:34  Overlord  
  48  4:41  Queen  
  48  4:43  Roach x2  
  48  4:44  Roach x3  
  60  4:51  Roach x2  
  60  4:52  Roach  
  62  4:54  Roach  
  62  4:57  Roach  
  62  4:58  Roach  
  67  5:05  Roach x2  
  71  5:09  Roach  
  71  5:10  Roach  
  71  5:13  Roach  
  77  5:19  Zergling x4  
  77  5:20  Zergling x6  
  82  5:24  Overlord  
  82  5:25  Zergling x2  
  82  5:27  Zergling x2  
  84  5:32  Zergling x2  
  85  5:37  Overlord  
  85  5:39  Zergling x2  
  86  5:45  Zergling x6  
  86  5:55  Baneling x9  
  83  5:58  Zergling x2  
  83  5:59  Zergling x4  
  83  6:02  Zergling x2  
  83  6:03  Zergling x12  
  85  6:17  Zergling x6  
  84  6:23  Baneling x7  
  84  6:24  Overlord  
  84  6:28  Zergling x4  
  84  6:29  Zergling x2  
  84  6:31  Baneling  
  84  6:32  Zergling x4  
  88  6:34  Zergling x2  
  87  6:45  Zergling x10  
  79  6:51  Zergling x2  
  72  6:55  Zergling x2  
  72  6:56  Zergling x6  
  72  6:57  Zergling x2  
  79  7:06  Zergling x6  
Show
View Real Time Build Order
Export as new Build Order

llllllllllll Zerg 

Build Orders: Pool First 

Get SALT Encoding   

  12  0:00  Drone  
  13  0:08  Drone  
  14  0:17  Overlord  
  14  0:27  Extractor  
  14  0:28  Drone  
  15  0:36  Drone x2  
  17  0:46  Spawning Pool  
  17  0:48  Drone  
  17  0:54  Extractor  
  17  0:56  Drone  
  17  1:05  Drone  
  18  1:18  Hatchery  
  18  1:22  Drone  
  18  1:33  Queen  
  18  1:36  Zergling x2  
  21  1:44  Overlord  
  21  1:55  Metabolic Boost  
  21  2:03  Drone x2  
  23  2:08  Evolution Chamber  
  23  2:13  Queen  
  24  2:20  Drone  
  25  2:27  Drone  
  26  2:31  Queen  
  26  2:37  Zerg Melee Weapons Level 1  
  28  2:41  Drone  
  28  2:42  Drone  
  30  2:45  Drone  
  30  2:49  Drone  
  32  2:52  Drone  
  32  2:58  Spine Crawler  
  32  3:00  Drone  
  32  3:02  Drone  
  34  3:06  Overlord  
  34  3:12  Zergling x4  
  36  3:24  Drone x3  
  36  3:25  Drone x3  
  42  3:39  Baneling Nest  
  41  3:49  Queen  
  41  3:50  Overlord x2  
  41  3:51  Drone  
  41  3:52  Overlord  
  44  4:06  Extractor  
  44  4:07  Extractor, Drone x2  
  44  4:10  Zergling x12  
  50  4:23  Baneling x3  
  50  4:28  Drone x2  
  50  4:29  Lair  
  50  4:30  Drone  
  50  4:31  Drone x3  
  56  4:41  Drone x4  
  59  4:55  Hatchery  
  59  4:56  Baneling x2  
  56  5:04  Zergling x8  
  59  5:15  Spine Crawler x2  
  59  5:16  Zergling x12  
  63  5:25  Spine Crawler  
  63  5:26  Spine Crawler  
  62  5:30  Spire  
  62  5:34  Evolution Chamber, Spine Crawler  
  59  5:36  Zergling x8  
  62  5:50  Spine Crawler  
  62  5:55  Zergling x12  
  66  5:57  Baneling x4  
  61  6:05  Zergling x2  
  55  6:18  Zergling x2  
  55  6:19  Zergling x8  
  55  6:23  Zergling x2  
  55  6:24  Queen  
  62  6:26  Baneling x3  
  62  6:27  Baneling x2  
  60  6:44  Mutalisk  
  60  6:45  Mutalisk x3  
  54  6:49  Zergling x2  
  51  6:55  Zergling x6  
  47  7:04  Zergling x2  
  47  7:05  Spine Crawler, Zergling x2  
Tags
 
Add a new tag
Caveats
  • Supply blocks, unpowered buildings, or Contaminate may cause inaccurate times.
  • Supply counts are checked every 10 seconds.